 Dungeon Crawl Stone Soup version 0.23.2 (webtiles) character file.

Game seed: 1634344605416352589

18 Borgoz the Sneak (level 2, -1/25 HPs)
             Began as a Ghoul Assassin on Apr 4, 2019.
             Slain by an adder (4 damage)
             ... on level 2 of the Dungeon.
             The game lasted 00:01:37 (1019 turns).

Borgoz the Sneak (Ghoul Assassin)                   Turns: 1019, Time: 00:01:38

Health: -1/25      AC:  3    Str: 14    XL:     2   Next: 70%
Magic:  1/1        EV: 12    Int:  9    God:
Gold:   56         SH:  0    Dex: 10    Spells: 1/1 levels left

rFire    + . .     SeeInvis .   a - +2 dagger
rCold    + . .     Gourm    .   (no shield)
rNeg     + + +     Faith    .   c - +0 robe
rPois    ∞         Spirit   .   (no helmet)
rElec    .         Reflect  .   d - +0 cloak
rCorr    .         Harm     .   (no gloves)
MR       .....                  (no boots)
Stlth    ++........             j - amulet of regeneration
HPRegen  0.00/turn              m - +3 ring of intelligence
MPRegen  0.07/turn              q - ring of protection from fire

@: rotting
A: rotting body, claws 1, carnivore, cold resistance 1, negative energy
resistance 3, inhibited regeneration, torment resistance, unbreathing
a: no special abilities


You were on level 2 of the Dungeon.
You were not hungry.

You visited 1 branch of the dungeon, and saw 2 of its levels.

You collected 56 gold pieces.

Inventory:

Hand Weapons
 a - a +2 dagger (weapon)
 b - a +0 blowgun
Missiles
 e - 8 poisoned needles
 f - 2 curare-tipped needles
Armour
 c - a +0 robe (worn)
 d - a +0 cloak (worn)
Jewellery
 j - an amulet of regeneration (around neck)
 m - a +3 ring of intelligence (left claw)
 q - a ring of protection from fire (right claw)
Scrolls
 h - a scroll of enchant weapon {unknown}
 i - a scroll of remove curse {unknown}
 l - 2 scrolls of identify {unknown}
 n - a scroll of fog {unknown}
 o - a scroll of amnesia {unknown}
 r - 2 scrolls of teleportation {unknown}
Comestibles
 g - 4 rations


   Skills:
 + Level 2.3 Fighting
 * Level 2.1 Short Blades
 - Level 1.7 Throwing
 * Level 0.8 Armour
 * Level 1.3 Dodging
 + Level 4.5 Stealth


You had one spell level left.
You didn't know any spells.
Your spell library was empty.

Dungeon Overview and Level Annotations

Branches:
Dungeon (2/15)

Altars:


Innate Abilities, Weirdness & Mutations

Your body is rotting away.
You thrive on raw meat.
You are immune to poison.
You have sharp fingernails.
You are carnivorous and can eat meat at any time.
Your flesh is cold resistant. (rC+)
You are immune to negative energy. (rN+++)
You do not regenerate when monsters are visible.
You are immune to unholy pain and torment.
You can survive without breathing.


Message History

You cannot raise a blood rage in your lifeless body.
The adder bites you. The adder misses you.
You feel better. The adder bites you. The adder closely misses you.
The adder bites you. The adder bites you but does no damage.
You hit the adder.
The adder is lightly wounded.
The adder bites you. The adder misses you.
You hit the adder.
The adder is moderately wounded.
The adder bites you.
* * * LOW HITPOINT WARNING * * *
The adder closely misses you.
You hit the adder.
The adder is heavily wounded.
The adder misses you. The adder bites you.
* * * LOW HITPOINT WARNING * * *
You hit the adder.
The adder is almost dead.
The adder closely misses you. The adder bites you.
You die...

########## #.# #.......!.
#.## ###.#########.........
#............S@Sg............
#..#.##..#.#######.#.........
#..#.#[. #.#..)...... #..#.#
.. #.#.##.##### #..#.#
.#########.#<. ... ##..#.#
..........### ###
#...#.#####.......########
#..>'.....'.......'.......
##...#######.....).########


You could see 2 adders and a hobgoblin.

Vanquished Creatures
  A leopard gecko (D:1)
  A giant cockroach (D:1)
  5 goblins (D:1)
  5 hobgoblins
  A frilled lizard (D:1)
  A kobold (D:1)
  A rat (D:1)
15 creatures vanquished.

Notes
Turn   | Place    | Note
-------+----------+-------------------------------------------
     0 | D:1      | Borgoz the Ghoul Assassin began the quest for the Orb.
     0 | D:1      | Reached XP level 1. HP: 17/17 MP: 0/0
    81 | D:1      | Reached skill level 1 in Dodging
   187 | D:1      | Reached XP level 2. HP: 24/24 MP: 1/1
  1019 | D:2      | Slain by an adder

Skill      XL: |  1  2 |
---------------+-------+-----
Dodging        | 1 |  1.3
Short Blades   | 2 |  2.1
Fighting       | |  2.3
Throwing       | |  1.7
Armour         | |  0.8
Stealth        | |  4.5

Action                   || total
-------------------------++-------
Melee: Dagger            ||    58
  Use: Potion            ||     3
 Stab: Sleeping          ||     5
  Eat: Chunk             ||     1
Armor: Robe              ||    10
Dodge: Dodged            ||    26
